 Dungeon Crawl Stone Soup version 0.27-a0-660-g90476cec82 (webtiles) character file.

Game seed: 8302055103565608266

63 robertstho the Skirmisher (level 3, 0/29 HPs)
             Began as a Demonspawn Abyssal Knight on Mar 16, 2021.
             Was a Follower of Lugonu.
             Succumbed to an adder's poison
             ... on level 2 of the Dungeon.
             The game lasted 00:01:42 (1668 turns).

robertstho the Skirmisher (DsAK)                    Turns: 1668, Time: 00:01:42

Health: 0/29       AC:  9    Str: 13    XL:     3   Next: 89%
Magic:  5/5        EV:  6    Int: 13    God:    Lugonu [*.....]
Gold:   78         SH:  0    Dex: 12    Spells: 2/2 levels left

rFire    . . .     SeeInvis .   a - +1 spear
rCold    . . .     Faith    .   (no shield)
rNeg     . . .     Spirit   .   d - +0 chain mail
rPois    .         Reflect  .   (no helmet)
rElec    .         Harm     .   (no cloak)
rCorr    .         Rampage  .   (no gloves)
Will     .....                  (no boots)
Stlth    ..........             (no amulet)
HPRegen  0.09/turn              (no ring)
MPRegen  0.09/turn              (no ring)

@: lethally poisoned (0 -> -14)
A: spiny 1
a: Renounce Religion, Depart the Abyss


You were on level 2 of the Dungeon.
You worshipped Lugonu.
Lugonu was aware of your devotion.
You visited 1 branch of the dungeon, and saw 2 of its levels.
You visited the Abyss 1 time.

You collected 78 gold pieces.

Inventory:

Hand Weapons
 a - a +1 spear (weapon)
Armour
 d - a +0 chain mail (worn)
Scrolls
 c - a scroll of noise {unknown}
 e - 2 scrolls of blinking {unknown}
 f - 2 scrolls of identify {unknown}
 i - 4 scrolls of teleportation {unknown}
Potions
 b - a potion of attraction {unknown}
 g - 2 potions of curing {unknown}
 h - a potion of haste {unknown}


   Skills:
 * Level 3.5 Fighting
 + Level 2.2 Polearms
 * Level 2.7 Armour
 + Level 1.0 Dodging
 * Level 3.0 Invocations


You had 2 spell levels left.
You didn't know any spells.
Your spell library was empty.

Dungeon Overview and Level Annotations

Branches:
Dungeon (2/15)

Altars:
Fedhas

Annotations:
D:2 Jessica


Innate Abilities, Weirdness & Mutations

You are partially covered in sharp spines.


Message History

There are monsters nearby!
There are monsters nearby!
Jessica gestures wildly while chanting.
Jessica blinks!
You closely miss the adder. The adder is struck by your spines.
The adder bites you.
You are poisoned.
The adder poisons you! The adder bites you.
You are more poisoned.
The adder poisons you!
You miss the adder.
The adder is lightly wounded.
You feel sick. The adder is struck by your spines. The adder bites you.
You are more poisoned.
The adder poisons you!
You barely miss the adder.
The adder is moderately wounded.
You feel sick. Jessica is struck by your spines.
Jessica hits you but does no damage. The adder is struck by your spines.
The adder bites you.
You are more poisoned.
The adder poisons you!
You feel sick. Jessica hits you but does no damage.
The adder bites you but does no damage.
You feel sick. Jessica hits you with a +0 dagger.
* * * LOW HITPOINT WARNING * * *
* * * LOW HITPOINT WARNING * * *
You feel sick.
Jessica casts a spell.
Jessica blinks!
* * * LOW HITPOINT WARNING * * *
You feel sick.
Jessica grins evilly.
* * * LOW HITPOINT WARNING * * *
You feel sick. The adder is struck by your spines. The adder barely misses you.
* * * LOW HITPOINT WARNING * * *
You feel sick.
* * * LOW HITPOINT WARNING * * *
You feel sick.
You die...

### ..# #.# ####..
#.# #.. #.... #.#
#..# ####..# #.#
#..# #..@.# #.# #..#
##S#### #.## #..#
##..# ...##
#..###..## .#..#
#...##@### ..#.#
#........#
#...###........##...
....†##........!....
......#.............
###


You could see an adder.

Vanquished Creatures
  2 adders (D:2)
  2 oozes
  A dart slug (D:2)
  A giant cockroach (D:2)
  3 goblins (D:1)
  7 hobgoblins
  3 jackals (D:1)
  8 kobolds
  3 bats
  A frilled lizard (D:2)
  A rat (D:2)
32 creatures vanquished.

Notes
Turn   | Place    | Note
-------+----------+-------------------------------------------
     0 | Abyss:1  | robertstho the Demonspawn Abyssal Knight began the quest
                  | for the Orb.
     0 | Abyss:1  | Reached XP level 1. HP: 18/18 MP: 2/2
    18 | Abyss:1  | Found a corrupted altar of Lugonu.
    96 | Abyss:1  | Noticed a fire giant skeleton
    98 | D:1      | Escaped the Abyss
   440 | D:1      | Gained mutation: You are partially covered in sharp spines.
                  | [demonic ancestry]
   440 | D:1      | Reached XP level 2. HP: 5/24 MP: 3/3
   442 | D:1      | Reached skill level 1 in Dodging
   445 | D:1      | Reached * piety under Lugonu
  1257 | D:2      | Reached XP level 3. HP: 23/29 MP: 5/5
  1334 | D:2      | Found a blossoming altar of Fedhas.
  1655 | D:2      | Noticed Jessica
  1668 | D:2      | Succumbed to an adder's poison

Illustrated notes

Levels and vault maps discovered:
D:1:      psy_arrival_dodecagon, layout_loops_ring
D:2:      layout_rooms, overflow_temple_1_default, uniq_jessica

Skill      XL: |  1  2  3 |
---------------+----------+-----
Armour         | 2 |  2.7
Dodging        | 1 |  1.0
Polearms       | 2 |  2.2
Invocations    | 3 |  3.0
Fighting       | |  3.5

Action                   || total
-------------------------++-------
Melee: Spear             ||   124
Invok: Depart the Abyss  ||     1
Armor: Chain mail        ||    58
Dodge: Dodged            ||    28

Table legend: (Time is in decaauts)
 A = Elapsed time spent in this place.
 B = Non-inter-level travel time spent in this place.
 C = Inter-level travel time spent in this place.
 D = Time resting spent in this place.
 E = Time spent auto-exploring this place.
 F = Levels seen in this place.
 G = Mean time per level.
                   A        B        C        D        E       F      G
               +--------+--------+--------+--------+--------+-----+--------+
         Total |   1668 |   1636 |     32 |      0 |   1406 |   3 |  556.0 |
       Dungeon |   1570 |   1538 |     32 |      0 |   1311 |   2 |  785.0 |
         Abyss |     98 |     98 |      0 |      0 |     95 |   1 |   98.0 |
               +--------+--------+--------+--------+--------+-----+--------+

Top non-repeatable levels by time:
     D:1: 1147 daAuts
     D:2: 422 daAuts
 Abyss:1: 98 daAuts
